 Dungeon Crawl Stone Soup version 0.22.1-1-ga44c0e5 (webtiles) character file.

1005 Fang the Chopper (level 8, -1/76 HPs)
             Began as a Gargoyle Berserker on Oct 24, 2018.
             Was a Priest of Trog.
             Slain by lunkers's ghost (25 damage)
             ... on level 5 of the Dungeon.
             The game lasted 00:05:33 (5011 turns).

Fang the Chopper (Gargoyle Berserker)               Turns: 5011, Time: 00:05:34

Health: -1/76      AC: 12    Str: 28    XL:     8   Next: 20%
Magic:  8/8        EV: 12    Int:  8    God:    Trog [***...]
Gold:   169        SH:  0    Dex:  9    Spells: 7/7 levels left

rFire    + + .     SeeInvis .   n - +1 hand axe (chop)
rCold    . . .     Gourm    .   (no shield)
rNeg     + + .     Faith    .   y - +0 ring mail "Wetrui" {rF++ Regen+}
rPois    ∞         Spirit   .   t - +1 hat
rElec    +         Reflect  .   (no cloak)
rCorr    .         Harm     .   (no gloves)
MR       .....                  (no boots)
Stlth    ..........             (no amulet)
HPRegen  0.62/turn              u - ring of positive energy
MPRegen  0.11/turn              (no ring)

@: berserking (expiring), very quick
A: negative energy resistance 1, electricity resistance, unbreathing,
petrification resistance, rot immunity, AC +5
a: Berserk, Trog's Hand, Renounce Religion


You were on level 5 of the Dungeon.
You worshipped Trog.
Trog was most pleased with you.
You were not hungry.

You visited 2 branches of the dungeon, and saw 6 of its levels.

You collected 169 gold pieces.

Inventory:

Hand Weapons
 a - a +0 hand axe
 n - a +1 hand axe of chopping (weapon)
Armour
 b - a +0 animal skin
 t - a +1 hat (worn)
 y - the +0 ring mail "Wetrui" (worn) {rF++ Regen+}
   (You found it on level 5 of the Dungeon)

   It greatly protects you from fire.
   It increases your rate of regeneration.
Jewellery
 u - a ring of positive energy (left hand)
 v - an uncursed amulet of magic regeneration {unknown}
 x - a +2 ring of intelligence {unknown}
Wands
 w - a wand of enslavement (12)
Scrolls
 d - 6 scrolls of remove curse {unknown}
 e - 4 scrolls of fear {unknown}
 f - 3 scrolls of enchant armour {unknown}
 g - 9 scrolls of identify {unknown}
 h - 2 scrolls of magic mapping {unknown}
 k - 2 scrolls of blinking {unknown}
 l - 3 scrolls of amnesia {unknown}
 q - 2 scrolls of teleportation {unknown}
 s - 4 scrolls of fog {unknown}
 A - a scroll of enchant weapon {unknown}
Potions
 i - a potion of resistance {unknown}
 j - 2 potions of agility {unknown}
 m - a potion of curing {unknown}
 o - a potion of lignification {unknown}
 p - a potion of ambrosia {unknown}
 r - a potion of might {unknown}
 z - a potion of heal wounds {unknown}
 B - a potion of magic {unknown}
Comestibles
 c - 8 rations


   Skills:
 + Level 5.7 Fighting
 + Level 6.8 Axes
 + Level 2.4 Armour
 + Level 3.3 Dodging
 + Level 2.4 Stealth


You had 7 spell levels left.
You didn't know any spells.
Your spell library was empty.

Dungeon Overview and Level Annotations

Branches:
Dungeon (5/15)             Temple (1/1) D:5

Altars:

Annotations:
D:3 2 transporters
D:5 1 transporter, lunkers's ghost, novice OgAr


Innate Abilities, Weirdness & Mutations

You are resistant to torment.
Your stone body is resilient. (AC +5)
You are immune to poison.
You resist negative energy. (rN+)
You are resistant to electric shocks. (rElec)
You can survive without breathing.
You are immune to petrification.
You are immune to rotting.


Message History

You barely miss lunkers's ghost.
Lunkers's ghost is moderately damaged.
Unknown command.
You slash lunkers's ghost!
Lunkers's ghost is moderately damaged.
Lunkers's ghost closely misses you.
You closely miss lunkers's ghost.
Lunkers's ghost is moderately damaged.
Lunkers's ghost hits you.
You closely miss lunkers's ghost.
Lunkers's ghost is moderately damaged.
You barely miss lunkers's ghost.
Lunkers's ghost is moderately damaged.
Lunkers's ghost hits you!
You hit lunkers's ghost.
Lunkers's ghost is moderately damaged.
You closely miss lunkers's ghost.
Lunkers's ghost is moderately damaged.
Lunkers's ghost hits you!!
You die...

......# #.##......# #.....[
......# ####.#######.# #^.....
......# #.######## #.## #......
......# #.#.....©# #..# #......
##########.#..##..# ##.# #......
#......#.#..#=####.## #......
#......#.#..#.#.....# ###..#.
#.....©#(.##..#.....## #..#.
####.(....#:OOW@©#......# #..#.
#........©#).##).#....#.## #..#.
##.........#.#..#.#....#..# #..#.
.'.........#O#..#.#....##.# #..#.
##.........#..##..#....##.###..#.
...........#......#######..##....
##...#####.########...####.......
##...# #............'.)#.##.##.
.....# #..#####.....##.#..#.##.


You could see 2 ogres and lunkers's ghost.

Vanquished Creatures
  A wyvern (D:5)
  A water moccasin (D:5)
  A centaur (D:5)
  An ogre (D:5)
  3 scorpions
  A howler monkey (D:5)
  A hound (D:5)
  2 orc priests
  2 orc wizards (D:5)
  3 worker ants
  2 hound skeletons
  4 adders
  2 howler monkey skeletons
  An ooze (D:3)
  An adder skeleton (D:4)
  2 worms
  3 dart slugs
  A leopard gecko (D:2)
  13 orcs
  3 bats
  4 giant cockroaches
  8 goblins
  3 hobgoblins
  8 jackals
  2 quokkas
  3 ball pythons (D:1)
  A ball python skeleton (D:5)
  10 kobolds
  A leopard gecko skeleton (D:5)
  5 rats
93 creatures vanquished.

Notes
Turn   | Place    | Note
-------+----------+-------------------------------------------
     0 | D:1      | Fang the Gargoyle Berserker began the quest for the Orb.
     0 | D:1      | Reached XP level 1. HP: 14/14 MP: 1/1
    39 | D:1      | Reached XP level 2. HP: 17/19 MP: 2/2
    87 | D:1      | Reached skill level 3 in Axes
   503 | D:1      | Reached XP level 3. HP: 20/24 MP: 3/3
  1366 | D:3      | Reached ** piety under Trog
  1366 | D:3      | Reached XP level 4. HP: 23/29 MP: 4/4
  1545 | D:3      | Found a transporter.
  1583 | D:3      | Found a transporter.
  2373 | D:4      | Reached skill level 4 in Axes
  2373 | D:4      | Reached XP level 5. HP: 34/34 MP: 5/5
  2388 | D:4      | Reached skill level 1 in Stealth
  2436 | D:4      | Reached XP level 6. HP: 28/39 MP: 6/6
  3180 | D:5      | Entered Level 5 of the Dungeon
  3183 | D:5      | Found a staircase to the Ecumenical Temple.
  3293 | D:5      | Reached skill level 5 in Axes
  3631 | D:5      | Noticed a water moccasin
  3636 | D:5      | Killed a water moccasin
  3636 | D:5      | Reached skill level 5 in Fighting
  3636 | D:5      | Reached XP level 7. HP: 44/44 MP: 7/7
  3684 | D:5      | Noticed a wyvern
  3692 | D:5      | Killed a wyvern
  4030 | D:5      | Reached skill level 6 in Axes
  4051 | D:5      | Reached *** piety under Trog
  4480 | D:5      | Reached XP level 8. HP: 48/50 MP: 8/8
  4515 | D:5      | Found a transporter.
  4519 | D:5      | Noticed lunkers's ghost (novice OgAr)
  4521 | D:5      | Got a slimy ring mail
  4532 | D:5      | Identified the +0 ring mail "Wetrui" {rF++ Regen+} (You
                  | found it on level 5 of the Dungeon)
  4536 | D:5      | Found a transporter.
  4944 | Temple   | Entered the Ecumenical Temple
  5011 | D:5      | Slain by lunkers's ghost

Skill      XL: |  1  2  3  4  5  6  7 |
---------------+----------------------+-----
Axes           | 3 4 5 6 |  6.8
Fighting       | 4 5 |  5.7
Dodging        | 2 3 |  3.3
Stealth        | 1 2 |  2.4
Armour         | |  2.4

Action                   |  1- 3 |  4- 6 |  7- 9 || total
-------------------------+-------+-------+-------++-------
Melee: Hand axe          |    96 |   122 |    87 ||   305
Invok: Berserk           |       |     2 |     3 ||     5
  Eat: Chunk             |     1 |     5 |     3 ||     9
       Ration            |       |     1 |     2 ||     3
Armor: Animal skin       |    49 |    35 |    19 ||   103
       Ring mail         |       |       |     6 ||     6
Dodge: Dodged            |    68 |    73 |    43 ||   184
